 Dungeon Crawl Stone Soup version 0.24-a0-521-g122614bf49 (webtiles) character file.

Game seed: 3768980976449779684

5249 Eitelfritz the Cleaver (level 10, -3/85 (86) HPs)
             Began as a Hill Orc Fighter on July 28, 2019.
             Was a High Priest of Zin.
             Slain by a troll (5 damage)
             ... on level 10 of the Dungeon.
             The game lasted 00:33:21 (9790 turns).

Eitelfritz the Cleaver (Hill Orc Fighter)           Turns: 9790, Time: 00:33:22

HP:   -3/85 (86)    AC: 17    Str: 21    XL:     10   Next: 62%
MP:   16/16         EV:  5    Int: 10    God:    Zin [*****.]
Gold: 541           SH: 10    Dex: 10    Spells: 9/9 levels left

rFire    + . .     SeeInvis .   a - +1 war axe
rCold    . . .     Gourm    .   c - +0 shield
rNeg     . . .     Faith    .   A - +1 plate armour {rPois}
rPois    +         Spirit   .   (no helmet)
rElec    .         Reflect  .   r - +2 cloak {MR+}
rCorr    .         Harm     .   (no gloves)
MR       +....                  (no boots)
Stlth    ..........             (no amulet)
HPRegen  0.24/turn              p - ring of protection from fire
MPRegen  0.15/turn              B - ring of flight

@: lethally poisoned (-3 -> -4)
A: no striking features
a: Recite, Vitalisation, Imprison, Sanctuary, Donate Gold, Renounce Religion,
Evoke Flight


You were on level 10 of the Dungeon.
You worshipped Zin.
Zin was extremely pleased with you.
You were not hungry.

You visited 2 branches of the dungeon, and saw 11 of its levels.

You collected 601 gold pieces.
You donated 60 gold pieces to Zin.

Inventory:

Hand Weapons
 a - a +1 war axe (weapon)
 h - a +3 mace
 i - a +1 battleaxe of freezing
Missiles
 k - 189 stones (quivered)
 o - 63 poisoned darts
 t - a throwing net
 x - 7 atropa-tipped darts
Armour
 c - a +0 shield (worn)
 r - a +2 cloak of magic resistance (worn)
 A - a +1 plate armour of poison resistance (worn)
 F - a scarf of cloud immunity
Jewellery
 b - an uncursed ring of fire
 l - an uncursed amulet of faith
 p - a ring of protection from fire (left hand)
 s - an uncursed ring of protection from fire
 B - a ring of flight (right hand)
Scrolls
 d - 2 scrolls of amnesia
 e - 4 scrolls of remove curse
 g - 3 scrolls of teleportation
 y - a scroll of blinking
 D - a scroll of fear
 G - a scroll of enchant weapon
Potions
 j - a potion of might
 m - a potion of haste
 n - 2 potions of heal wounds
 q - a potion of magic
 u - 3 potions of curing
 v - 4 potions of brilliance
 w - a potion of mutation
 z - a potion of berserk rage
Comestibles
 f - 11 rations
 C - 10 chunks of flesh


   Skills:
 + Level 7.2 Fighting
 + Level 11.9 Axes
 + Level 7.3 Armour
 + Level 1.4 Dodging
 + Level 1.7 Stealth
 + Level 7.3 Shields
 * Level 8.0 Invocations
 * Level 2.5 Evocations


You had 9 spell levels left.
You didn't know any spells.
Your spell library contained the following spells:

 Spells                   Type           Power        Failure   Level  Hunger
 Animate Skeleton         Necr           N/A          100%        1    ##.....
 Corona                   Hex            #......      100%        1    ##.....
 Pain                     Necr           #...         100%        1    ##.....
 Slow                     Hex            #.......     100%        2    ###....
 Inner Flame              Hex/Fire       #.......     100%        3    ####...
 Portal Projectile        Hex/Tloc       #.....       100%        3    ####...
 Regeneration             Chrm/Necr      #.........   100%        3    ####...
 Vampiric Draining        Necr           #.........   100%        3    ####...
 Animate Dead             Necr           N/A          100%        4    #####..
 Cause Fear               Hex            #.........   100%        4    #####..
 Leda's Liquefaction      Hex/Erth       #.........   100%        4    #####..


Dungeon Overview and Level Annotations

Branches:
Dungeon (10/15)            Temple (1/1) D:5            Lair (0/6) D:8
    Orc: D:9-12

Altars:
Ashenzari
Cheibriados
Dithmenos
Elyvilon
Fedhas
Gozag
Hepliaklqana
Kikubaaqudgha
Makhleb
Nemelex Xobeh
Okawaru
Qazlal
Ru
Sif Muna
Trog
Uskayaw
Vehumet
Wu Jian
Xom
Yredelemnul
Zin
The Shining One

Shops:
D:7 (

Annotations:
D:6 1 runed translucent door, Moredread's ghost, novice DrIE


Message History

Wield which item (- for none, * to show all)? (? for menu, Esc to quit)
a - a +1 war axe (weapon)
You feel sick.
Your shield and plate armour prevent you from hitting the adder.
The adder bites you but does no damage.
You slash the adder!
The adder is severely wounded.
You block the adder's attack. x2
You miss the adder.
The adder is severely wounded.
The adder bites you but does no damage.
You completely miss the adder.
The adder is severely wounded.
Your plate armour prevents you from hitting the troll.
You feel sick. The troll bites you but does no damage.
The troll barely misses you. The troll claws you but does no damage.
You block the adder's attack. The troll bites you!
* * * LOW HITPOINT WARNING * * *
The troll claws you but does no damage. The troll claws you.
You die...

#........... .......
###..##.##..
.......#########........
........................
......#.................
.........(..........#...
....................#...
......T.................
.......@....... ###...
.......S....... .....
....>.#.>...... .#...
.....##........ ....
##... ......... ....
.... ......... .. ...
......[.. ... ##.......#


You could see a troll and an adder.

Vanquished Creatures
  A komodo dragon (D:8)
  Prince Ribbit (D:7)
  A hippogriff (D:7)
  Grinder (D:3)
  4 yaks (D:10)
  A hungry ghost (D:8)
  Duvessa (D:5)
  Purgy (D:4)
  3 orc warriors
  A sky beast (D:5)
  An eye of draining (D:8)
  2 necrophages
  2 phantoms
  An ogre (D:8)
  4 centaurs
  A big kobold (D:9)
  A bullfrog (D:10)
  Dowan (D:5)
  A water moccasin zombie (D:8)
  3 scorpions (D:6)
  8 killer bees
  5 wights (D:9)
  A howler monkey (D:6)
  4 crimson imps
  3 orc priests
  A bullfrog zombie (D:6)
  4 hounds
  10 orc wizards
  2 bullfrog skeletons
  3 iguanas
  Ijyb (D:5)
  Crazy Yiuf (D:4)
  Natasha (D:1)
  6 worker ants
  A hound skeleton (D:5)
  A hound zombie (D:5)
  A worker ant zombie (D:5)
  12 adders
  A howler monkey zombie (D:5)
  4 gnolls (D:4)
  A shadow imp (D:5)
  2 oozes (D:4)
  2 adder skeletons
  5 worms
  3 dart slugs
  4 leopard geckos
  30 orcs
  A ball python (D:5)
  8 giant cockroaches
  12 hobgoblins
  7 jackals
  6 quokkas
  5 bats
  4 frilled lizards
  4 goblins
  5 kobolds
  A quokka zombie (D:6)
  10 rats
212 creatures vanquished.

Vanquished Creatures (others)
  A plant (D:8)
1 creature vanquished.

Grand Total: 213 creatures vanquished

Notes
Turn   | Place    | Note
-------+----------+-------------------------------------------
     0 | D:1      | Eitelfritz the Hill Orc Fighter began the quest for the
                  | Orb.
     0 | D:1      | Reached XP level 1. HP: 19/19 MP: 1/1
   279 | D:1      | Reached XP level 2. HP: 26/27 MP: 2/2
   427 | D:1      | Reached skill level 3 in Axes
   788 | D:1      | Reached XP level 3. HP: 33/33 MP: 3/3
   823 | D:2      | Noticed Natasha
   859 | D:1      | Killed Natasha
  1083 | D:2      | Reached XP level 4. HP: 28/40 MP: 4/4
  1728 | D:2      | Reached skill level 4 in Axes
  2291 | D:3      | Noticed Grinder
  2311 | D:3      | Killed Grinder
  2311 | D:3      | Reached skill level 5 in Axes
  2311 | D:3      | Reached XP level 5. HP: 22/47 MP: 5/5
  2311 | D:3      | Reached XP level 6. HP: 25/53 MP: 6/6
  2519 | D:3      | Reached skill level 6 in Axes
  2688 | D:3      | Found an opulent altar of Gozag.
  3126 | D:4      | Found a burning altar of Makhleb.
  3128 | D:4      | Noticed a blizzard demon
  3152 | D:4      | Found a glowing silver altar of Zin.
  3152 | D:4      | Noticed an angel
  3171 | D:4      | Became a worshipper of Zin the Law-Giver
  3171 | D:4      | Reached * piety under Zin
  3199 | D:4      | Reached skill level 1 in Invocations
  3376 | D:4      | Reached skill level 5 in Armour
  3376 | D:4      | Reached XP level 7. HP: 55/60 MP: 6/8
  3423 | D:4      | Noticed Purgy
  3453 | D:4      | Killed Purgy
  3453 | D:4      | Reached skill level 7 in Axes
  3638 | D:4      | Reached skill level 1 in Dodging
  3822 | D:4      | Reached ** piety under Zin
  3971 | D:4      | Found a runed translucent door.
  3972 | D:4      | Noticed Crazy Yiuf
  4120 | D:4      | Killed Crazy Yiuf
  4120 | D:4      | Reached XP level 8. HP: 67/67 MP: 10/10
  4190 | D:5      | Entered Level 5 of the Dungeon
  4260 | D:5      | Noticed Duvessa
  4260 | D:5      | Noticed Dowan
  4278 | D:5      | Killed Duvessa
  4278 | D:5      | Reached skill level 5 in Fighting
  4278 | D:5      | Reached skill level 8 in Axes
  4278 | D:5      | Reached skill level 5 in Shields
  4288 | D:5      | Killed Dowan
  4360 | D:5      | Found a sacrificial altar of Ru.
  4476 | D:5      | Noticed Ijyb
  4493 | D:5      | Killed Ijyb
  4574 | D:5      | Found a staircase to the Ecumenical Temple.
  4755 | D:5      | Reached *** piety under Zin
  4813 | D:5      | Reached skill level 9 in Axes
  5183 | D:6      | Reached skill level 5 in Invocations
  5395 | D:6      | Reached XP level 9. HP: 36/75 MP: 11/13
  5591 | D:6      | Found a runed translucent door.
  5592 | D:6      | Noticed Moredread's ghost (novice DrIE)
  5625 | D:6      | Reached skill level 1 in Stealth
  5769 | D:6      | Reached **** piety under Zin
  6318 | D:7      | Noticed Prince Ribbit
  6335 | D:7      | Killed Prince Ribbit
  6335 | D:7      | Reached skill level 10 in Axes
  6347 | D:7      | Found Okliar's Antique Weapon Shop.
  6643 | D:7      | Found an iron altar of Okawaru.
  6831 | D:8      | Found a staircase to the Lair.
  6832 | D:8      | Noticed a komodo dragon
  6847 | D:8      | Killed a komodo dragon
  7525 | D:8      | Found a hide-covered altar of Uskayaw.
  7743 | D:8      | Found a shadowy altar of Dithmenos.
  7758 | D:8      | Reached XP level 10. HP: 82/84 MP: 15/15
  7793 | D:8      | Reached skill level 11 in Axes
  8939 | D:9      | Found a basalt altar of Yredelemnul.
  9179 | Temple   | Entered the Ecumenical Temple
  9401 | D:10     | Entered Level 10 of the Dungeon
  9420 | D:9      | Reached skill level 1 in Evocations
  9557 | D:10     | Reached ***** piety under Zin
  9767 | D:10     | Noticed a four-headed hydra
  9776 | D:10     | Noticed a minotaur
  9776 | D:10     | a four-headed hydra changed into a minotaur
  9790 | D:10     | HP: 2/85 [troll (13)]
  9790 | D:10     | Slain by a troll

Levels and vault maps discovered:
D:1:      mrwooster_arrival_statue_3, layout_rooms
D:2:      layout_basic, first_ration, grunt_decor_one_mirror, uniq_natasha
D:3:      layout_loops_ring, nicolae_gozag_seed_capital,
          minmay_misc_feat_rugged, uniq_grinder
D:4:      layout_rooms, grunt_temple_overflow_order_and_chaos_2,
          minmay_misc_feat_rows, minmay_vboxes, uniq_purgy,
          uniq_crazy_yiuf_cottage
D:5:      layout_loops_cross, overflow_temple_1_default,
          minmay_temple_entry_purple_smoke, st_stairs_14, uniq_ijyb,
          uniq_duvessa
D:6:      layout_rooms, gammafunk_ghost_grave
D:7:      layout_rooms, old_standard_altar, serial_shops,
          nicolae_shop_overgrown_old_shop, uniq_prince_ribbit1
D:8:      layout_basic, lemuel_doored_altar, david_lair_shrubbed, basic_altar
D:9:      layout_roguey, basic_altar
D:10:     layout_rooms
Temple:   eino_temple_scatter_basement

Skill      XL: |  1  2  3  4  5  6  7  8  9 10 |
---------------+-------------------------------+-----
Axes           | 3 5 6 7 9 10 11 | 11.9
Fighting       | 4 5 6 7 |  7.2
Armour         | 4 5 6 7 |  7.3
Shields        | 4 5 6 7 |  7.3
Invocations    | 1 3 5 6 8 |  8.0
Dodging        | 1 |  1.4
Stealth        | 1 |  1.7
Evocations     | 2 |  2.5

Action                   |  1- 3 |  4- 6 |  7- 9 | 10-12 || total
-------------------------+-------+-------+-------+-------++-------
Melee: War axe           |    99 |   152 |   476 |   175 ||   902
       Mace              |       |       |       |     8 ||     8
Invok: Recite            |       |       |    16 |     9 ||    25
       Vitalisation      |       |       |     1 |       ||     1
  Use: Scroll            |       |     9 |     7 |     5 ||    21
       Potion            |       |       |     1 |       ||     1
 Stab: Confused          |       |       |     5 |     2 ||     7
       Paralysed         |       |       |       |     1 ||     1
  Eat: Chunk             |     1 |     7 |    15 |     2 ||    25
       Ration            |       |       |       |     2 ||     2
Armor: Scale mail        |    55 |    16 |       |       ||    71
       Chain mail        |       |    49 |   187 |       ||   236
       Plate armour      |       |       |    57 |   104 ||   161
Dodge: Dodged            |    30 |    29 |   101 |    35 ||   195
Block: Shield            |    57 |    76 |   254 |   101 ||   488

Table legend:
 A = Non-vault XP
 B = Vault XP
 C = Vault XP percentage of total XP
 D = Non-vault monster count
 E = Vault monster count
 F = Vault count percentage of total count
                 A         B        C        D         E       F
            +---------+---------+-------+---------+---------+-------
      Total |    6046 |    1453 |  19.4 |     198 |      14 |   6.6
            +---------+---------+-------+---------+---------+-------
        D:1 |      39 |      35 |  47.3 |      25 |       1 |   3.8
        D:2 |      54 |       0 |   0.0 |      15 |       0 |   0.0
        D:3 |     111 |     254 |  69.6 |      18 |       1 |   5.3
        D:4 |     466 |     256 |  35.5 |      32 |       6 |  15.8
        D:5 |     551 |     284 |  34.0 |      23 |       4 |  14.8
        D:6 |     646 |       0 |   0.0 |      18 |       0 |   0.0
        D:7 |     515 |     274 |  34.7 |       6 |       1 |  14.3
        D:8 |    1711 |     350 |  17.0 |      32 |       1 |   3.0
        D:9 |     897 |       0 |   0.0 |      21 |       0 |   0.0
       D:10 |    1056 |       0 |   0.0 |       8 |       0 |   0.0
            +---------+---------+-------+---------+---------+-------
